 Dungeon Crawl Stone Soup version 0.28.0-45-g0d030f2227 (webtiles) character file.

Game seed: 14275370686576519680

214 MisterFreud the Covert (level 5, -6/40 (47) HPs)
             Began as a Gnoll Delver on Apr 13, 2022.
             Mangled by an orc priest
             ... wielding a +0 flail
              (7 damage)
             ... on level 4 of the Dungeon.
             The game lasted 00:04:25 (3413 turns).

MisterFreud the Covert (Gnoll Delver)               Turns: 3413, Time: 00:04:26

HP:   -6/40 (47)    AC:  4    Str: 12    XL:     5   Next: 92%
MP:   7/7           EV: 13    Int: 11    God:
Gold: 215           SH:  0    Dex: 13    Spells: 7/7 levels left

rFire   . . .      SeeInvis .   a - +0 short sword
rCold   . . .      Faith    .   (no shield)
rNeg    . . .      Spirit   .   b - +0 leather armour
rPois   .          Reflect  .   (no helmet)
rElec   .          Harm     .   (no cloak)
rCorr   .          Rampage  .   l - +0 pair of gloves
Will    .....                   (no boots)
Stlth   ++++......              s - amulet of magic regeneration
HPRegen 0.13/turn               (no ring)
MPRegen 0.50/turn               (no ring)

@: heavily drained
A: fangs 1, strong nose, distributed training
a: no special abilities


You were on level 4 of the Dungeon.
You visited 1 branch of the dungeon, and saw 5 of its levels.

You collected 215 gold pieces.

Inventory:

Hand Weapons
 a - a +0 short sword (weapon)
 v - a +0 mace
Missiles
 m - 7 poisoned darts (quivered)
Armour
 b - a +0 leather armour (worn)
 l - a +0 pair of gloves (worn)
Jewellery
 s - an amulet of magic regeneration (around neck)
 w - a +4 ring of protection
Wands
 g - a wand of digging (3)
 j - a wand of polymorph (9)
Scrolls
 c - a scroll of fog
 d - a scroll of magic mapping
 h - a scroll of amnesia {unknown}
 k - 2 scrolls of vulnerability {unknown}
 n - a scroll of enchant weapon {unknown}
 p - a scroll of identify {unknown}
 r - 2 scrolls of teleportation {unknown}
 t - a scroll of enchant armour {unknown}
 u - a scroll of summoning {unknown}
Potions
 e - a potion of flight
 f - 2 potions of haste


   Skills:
 + Level 6.7 Fighting
 + Level 4.9 Short Blades
 + Level 1.7 Long Blades
 + Level 1.7 Axes
 + Level 1.7 Maces & Flails
 + Level 1.7 Polearms
 + Level 1.7 Staves
 + Level 1.7 Slings
 + Level 1.7 Bows
 + Level 1.7 Crossbows
 + Level 1.7 Throwing
 + Level 1.7 Armour
 + Level 4.9 Dodging
 + Level 9.7 Stealth
 + Level 1.7 Shields
 + Level 1.7 Unarmed Combat
 + Level 1.7 Spellcasting
 + Level 1.3 Conjurations
 + Level 1.3 Hexes
 + Level 1.3 Summonings
 + Level 1.3 Necromancy
 + Level 1.3 Translocations
 + Level 1.3 Transmutations
 + Level 1.3 Fire Magic
 + Level 1.3 Ice Magic
 + Level 1.3 Air Magic
 + Level 1.3 Earth Magic
 + Level 1.3 Poison Magic
 + Level 1.9 Invocations
 + Level 1.7 Evocations


You had 7 spell levels left.
You didn't know any spells.
Your spell library contained the following spells:

 Spells                   Type           Power      Damage    Failure   Level
 Slow                     Hex            12%        N/A       22%         1
 Scorch                   Fire           6%         2d5       32%         2
 Confusing Touch          Hex            3%         N/A       54%         3
 Portal Projectile        Hex/Tloc       6%         N/A       54%         3
 Vampiric Draining        Necr           3%         2d6       54%         3
 Airstrike                Air            1%         N/A       91%         4
 Leda's Liquefaction      Hex/Erth       1%         N/A       91%         4
 Summon Lightning Spire   Summ/Air       3%         N/A       91%         4
 Blade Hands              Tmut           1%         N/A       99%         5
 Excruciating Wounds      Necr           1%         N/A       99%         5
 Lightning Bolt           Conj/Air       1%         1d12      99%         5
 Starburst                Conj/Fire      1%         6d3       100%        6


Dungeon Overview and Level Annotations

Branches:
Dungeon (5/15)             Temple (0/1) D:4

Altars:
Zin

Annotations:
D:3 Sigmund


Innate Abilities, Weirdness & Mutations

You have very sharp teeth.
Your uncanny sense of smell can sniff out nearby items.
Your experience applies equally to all skills.


Message History

Pain shoots through your body!
You hit the orc priest.
The orc priest is heavily wounded.
The orc hits you but does no damage.
The orc priest looks braver for a moment.
You closely miss the orc priest. You bite the orc priest.
The orc priest is heavily wounded.
The orc hits you with a +0 dagger.
The orc priest hits you with a +0 flail.
You hit the orc priest.
The orc priest is severely wounded.
The orc hits you with a +0 dagger. The orc priest closely misses you.
You hit the orc priest.
The orc priest is almost dead.
The orc closely misses you.
You barely miss the orc priest.
The orc priest is almost dead.
The orc priest barely misses you.
You hit the orc priest.
The orc priest is almost dead.
The orc barely misses you.
The orc priest mumbles some strange prayers to Beogh against you.
Beogh smites you!
* * * LOW HITPOINT WARNING * * *
You closely miss the orc priest.
You bite the orc priest, but do no damage.
The orc priest is almost dead.
The orc barely misses you. The orc priest closely misses you.
Okay, then.
You closely miss the orc priest.
The orc priest is almost dead.
The orc misses you.
The orc priest calls upon Beogh to heal the orc.
The orc's wounds heal themselves!
You hit the orc priest but do no damage.
You bite the orc priest, but do no damage.
The orc priest is almost dead.
The orc barely misses you.
The orc priest hits you with a +0 flail!
You die...

.. ###########.#
..##.....#.....#####
......>.........##.#
#.................#####
#...............#.#...# ####
#.....>.........#.###.#######...
##...............................
.#.................#####.....#...
.#..............@#####...........
.##....>.......oo#.....###.......
...................#####.........
................#### #.#.......
<##.....##.).....#######.#.......
.#..#............................
##..######........###...##.......
....########......####.......###.
.##.....# #.............#.......


You could see an orc priest and an orc.

Vanquished Creatures
  A bullfrog skeleton (D:5)
  A hound (D:5)
  An orc wizard (D:4)
  A hound skeleton (D:5)
  4 adders
  An ufetubus (D:4)
  3 worms
  A dart slug (D:4)
  3 orcs (D:4)
  3 endoplasms (D:3)
  3 giant cockroaches
  3 goblins
  7 hobgoblins
  3 jackals (D:1)
  5 quokkas
  10 ball pythons
  7 bats
  A frilled lizard (D:2)
  4 kobolds
  3 rats
65 creatures vanquished.

Notes
Turn   | Place    | Note
-------+----------+-------------------------------------------
     0 | D:5      | Reached skill level 9 in Stealth
     0 | D:5      | MisterFreud the Gnoll Delver began the quest for the Orb.
     0 | D:5      | Reached XP level 1. HP: 23/23 MP: 1/1
    36 | D:5      | Noticed a hound
    38 | D:5      | Reached XP level 2. HP: 29/29 MP: 2/2
    41 | D:5      | Reached skill level 1 in Invocations
    41 | D:5      | Reached XP level 3. HP: 35/35 MP: 2/4
    89 | D:5      | Reached skill level 1 in Long Blades
    89 | D:5      | Reached skill level 1 in Axes
    89 | D:5      | Reached skill level 1 in Maces & Flails
    89 | D:5      | Reached skill level 1 in Polearms
    89 | D:5      | Reached skill level 1 in Staves
    89 | D:5      | Reached skill level 1 in Slings
    89 | D:5      | Reached skill level 1 in Bows
    89 | D:5      | Reached skill level 1 in Crossbows
    89 | D:5      | Reached skill level 1 in Throwing
    89 | D:5      | Reached skill level 1 in Armour
    89 | D:5      | Reached skill level 1 in Shields
    89 | D:5      | Reached skill level 1 in Unarmed Combat
    89 | D:5      | Reached skill level 1 in Spellcasting
    89 | D:5      | Reached skill level 1 in Evocations
    89 | D:5      | Reached XP level 4. HP: 41/41 MP: 5/5
   330 | D:3      | Noticed Sigmund
   389 | D:2      | Reached skill level 1 in Conjurations
   389 | D:2      | Reached skill level 1 in Hexes
   389 | D:2      | Reached skill level 1 in Summonings
   389 | D:2      | Reached skill level 1 in Necromancy
   389 | D:2      | Reached skill level 1 in Translocations
   389 | D:2      | Reached skill level 1 in Transmutations
   389 | D:2      | Reached skill level 1 in Fire Magic
   389 | D:2      | Reached skill level 1 in Ice Magic
   389 | D:2      | Reached skill level 1 in Air Magic
   389 | D:2      | Reached skill level 1 in Earth Magic
   389 | D:2      | Reached skill level 1 in Poison Magic
   862 | D:1      | Reached XP level 5. HP: 41/47 MP: 6/6
  1000 | D:1      | Got the Disquisition on the Arsonist and Earth
  1036 | D:2      | Found a faded altar of an unknown god.
  2824 | D:4      | Found a staircase to the Ecumenical Temple.
  3254 | D:4      | Found a glowing silver altar of Zin.
  3410 | D:4      | HP: 1/40 [orc priest/divine providence (15)]
  3413 | D:4      | Mangled by an orc priest

Illustrated notes

Levels and vault maps discovered:
D:1:      minmay_arrival_semitransparent, layout_rooms
D:2:      layout_basic, hellmonk_ecumenical_altar_arch_garden
D:3:      layout_basic, uniq_sigmund
D:4:      layout_rooms, mainiacjoe_overflow_surrounded_room,
          minmay_temple_entry_butterflies
D:5:      layout_basic

Skill      XL: |  1  2  3  4 |
---------------+-------------+-----
Stealth        | |  9.7
Invocations    | 1 |  1.9
Long Blades    | 1 |  1.7
Axes           | 1 |  1.7
Maces & Flails | 1 |  1.7
Polearms       | 1 |  1.7
Staves         | 1 |  1.7
Slings         | 1 |  1.7
Bows           | 1 |  1.7
Crossbows      | 1 |  1.7
Throwing       | 1 |  1.7
Armour         | 1 |  1.7
Shields        | 1 |  1.7
Unarmed Combat | 1 |  1.7
Spellcasting   | 1 |  1.7
Evocations     | 1 |  1.7
Conjurations   | 1 |  1.3
Hexes          | 1 |  1.3
Summonings     | 1 |  1.3
Necromancy     | 1 |  1.3
Translocations | 1 |  1.3
Transmutations | 1 |  1.3
Fire Magic     | 1 |  1.3
Ice Magic      | 1 |  1.3
Air Magic      | 1 |  1.3
Earth Magic    | 1 |  1.3
Poison Magic   | 1 |  1.3
Fighting       | |  6.7
Short Blades   | |  4.9
Dodging        | |  4.9

Action                   |  1- 3 |  4- 6 || total
-------------------------+-------+-------++-------
Melee: Short sword       |     3 |   228 ||   231
       Bite              |       |    24 ||    24
       Punch             |       |     5 ||     5
Evoke: Wand              |       |     1 ||     1
  Use: Potion            |       |     3 ||     3
       Scroll            |       |     1 ||     1
 Stab: Sleeping          |     3 |    19 ||    22
       Distracted        |       |     1 ||     1
Armor: Leather armour    |       |    50 ||    50
Dodge: Dodged            |       |   146 ||   146
